 Dungeon Crawl Stone Soup version 0.30-a0-586-g23e55c9e0a (webtiles) character file.

Game seed: 8716503776336746633

24264 pokeman the Eclecticist (level 12, -6/70 HPs)
             Began as a Deep Elf Hedge Wizard on Jan 3, 2023.
             Was an Elder of Vehumet.
             Killed from afar by a wizard (9 damage)
             ... with a fireball
             ... on level 13 of the Dungeon.
             The game lasted 00:39:18 (14874 turns).

pokeman the Eclecticist (Deep Elf Hedge Wizard)    Turns: 14874, Time: 00:39:19

Health: -6/70      AC: 17    Str:  7    XL:     12   Next: 79%
Magic:  34/36      EV: 12    Int: 27    God:    Vehumet [****..]
Gold:   1130       SH:  0    Dex: 17    Spells: 36/47 levels left

rFire   + + .      SeeInvis .    H - +3 war axe "Vohyrphuiwe" {venom, Int+2 Stlth+}
rCold   x . .      Faith    .    (no shield)
rNeg    . . .      Spirit   .    J - +0 fire dragon scales
rPois   +          Reflect  .    O - +0 helmet
rElec   .          Harm     .    I - +2 cloak {rPois}
rCorr   .          Rampage  .    B - +2 pair of gloves {Dex+3}
Will    +....                    (no boots)
Stlth   ++                       a - amulet of regeneration
HPRegen 1.11/turn                E - ring of wizardry
MPRegen 0.25/turn                L - +5 ring of evasion

@: on blink cooldown
A: no striking features
a: Renounce Religion


You were on level 13 of the Dungeon.
You worshipped Vehumet.
Vehumet was greatly pleased with you.
You visited 2 branches of the dungeon, and saw 15 of its levels.
You also visited: Ossuary and Bailey.

You collected 1268 gold pieces.
You spent 138 gold pieces at shops.

Inventory:

Hand Weapons
 H - the +3 war axe "Vohyrphuiwe" (weapon) {venom, Int+2 Stlth+}
   (You found it on level 6 of the Dungeon)

   It poisons the flesh of those it strikes.
   Int:       It affects your intelligence (+2).
   Stlth:     It makes you more stealthy.
 R - the +12 halberd of Foolhardiness {vamp, rPois}
   (You found it on level 11 of the Dungeon)

   It occasionally heals its wielder for a portion of the damage dealt when it
   wounds a living foe.
   rPois:     It protects you from poison.
 S - the +5 long sword of the Threshing Gods {drain, Int+2}
   (You took it off a vampire on level 11 of the Dungeon)

   A truly terrible weapon, it drains the life of any living foe it strikes.
   Int:       It affects your intelligence (+2).
Missiles
 z - 8 throwing nets
 F - 4 curare-tipped darts
Armour
 c - a +0 robe of fire resistance
 B - a +2 pair of gloves of dexterity (worn)
 D - a +2 robe of positive energy
 I - a +2 cloak of poison resistance (worn)
 J - +0 fire dragon scales (worn)
 O - a +0 helmet (worn)
 U - a +0 buckler
Magical Staves
 C - a staff of cold
Jewellery
 a - an amulet of regeneration (around neck)
 E - a ring of wizardry (left hand)
 L - a +5 ring of evasion (right hand)
Wands
 p - a wand of flame (36)
 q - a wand of polymorph (11)
 x - a wand of roots (13)
 P - a wand of digging (5)
 Q - a wand of paralysis (7)
Scrolls
 h - a scroll of poison {unknown}
 i - 2 scrolls of enchant armour {unknown}
 k - 11 scrolls of identify {unknown}
 l - 4 scrolls of vulnerability {unknown}
 n - 5 scrolls of amnesia {unknown}
 r - 10 scrolls of teleportation
 s - 3 scrolls of magic mapping
 v - 4 scrolls of blinking {unknown}
 y - 4 scrolls of immolation {unknown}
 A - 4 scrolls of fog {unknown}
 M - 2 scrolls of fear {unknown}
 N - a scroll of enchant weapon {unknown}
Potions
 b - 3 potions of lignification {unknown}
 d - a potion of magic
 e - 3 potions of brilliance {unknown}
 f - 5 potions of curing
 j - 3 potions of degeneration {unknown}
 m - 2 potions of berserk rage {unknown}
 o - 3 potions of haste {unknown}
 t - 3 potions of heal wounds {unknown}
 u - 4 potions of mutation {unknown}
 w - 5 potions of attraction {unknown}
 G - 3 potions of might {unknown}
 K - a potion of resistance {unknown}
 T - 3 potions of ambrosia {unknown}
Miscellaneous
 g - a phial of floods


   Skills:
 + Level 6.2 Fighting
 - Level 5.0 Armour
 - Level 3.0 Dodging
 - Level 3.0 Stealth
 * Level 18.1 Spellcasting
 + Level 10.8 Conjurations
 + Level 10.0 Summonings
 - Level 1.1 Translocations
 - Level 1.1 Ice Magic
 - Level 1.0 Air Magic
 - Level 1.2 Earth Magic
 - Level 1.3 Poison Magic
 - Level 1.3 Evocations


You had 36 spell levels left.
You knew the following spells:

 Your Spells              Type           Power      Damage    Failure   Level
a - Magic Dart            Conj           100%       1d8       1%          1
b - Mephitic Cloud        Conj/Pois/Air  48%        N/A       1%          3
c - Call Imp              Summ           68%        N/A       1%          2
d - Blink                 Tloc           60%        N/A       12%         2
e - Stone Arrow           Conj/Erth      100%       3d13      1%          3

Your spell library contained the following spells:

 Spells                   Type           Power      Damage    Failure   Level
 Iskenderun's Mystic Bla  Conj/Tloc      54%        2d12      3%          4
 Sandblast                Erth           62%        2d14      2%          1
 Poisonous Vapours        Pois/Air       60%        N/A       3%          2
 Necrotise                Necr           96%        1d8       12%         1
 Slow                     Hex            96%        N/A       12%         1
 Cigotuvi's Dreadful Rot  Necr/Pois/Air  56%        N/A       13%         2
 Passwall                 Tmut/Erth      22%        N/A       14%         2
 Portal Projectile        Hex/Tloc       54%        N/A       28%         3
 Tukima's Dance           Hex            24%        N/A       32%         3
 Vampiric Draining        Necr           24%        2d7       32%         3
 Anguish                  Hex/Necr       12%        N/A       71%         4
 Agony                    Necr           24%        N/A       96%         5
 Blade Hands              Tmut           12%        N/A       96%         5
 Enfeeble                 Hex            12%        N/A       100%        7


Dungeon Overview and Level Annotations

Branches:
Dungeon (14/15)            Temple (1/1) D:6            Lair (0/5) D:10
    Orc (0/2) D:10        Ossuary (visited)          Bailey (visited)
 Vaults: D:13-14

Altars:
Cheibriados
Dithmenos
Fedhas
Gozag
Hepliaklqana
Kikubaaqudgha
Makhleb
Nemelex Xobeh
Okawaru
Qazlal
Ru
Sif Muna
Uskayaw
Vehumet
Yredelemnul
Zin
The Shining One

Shops:
D:3 ?


Message History

The wizard glows brightly for a moment.
You bump into the rock wall.
The guardian serpent misses you. The guardian serpent hits you!
The guardian serpent hits you.
In your confused state, you trip and fall back down the stairs.
The guardian serpent barely misses you.
The guardian serpent closely misses you.
Unknown command.
The guardian serpent misses you. The wizard hits you but does no damage.
You climb upwards.
There is a stone staircase leading down here.
Unknown command.
Unknown command.
You closely miss the guardian serpent.
The guardian serpent is moderately wounded.
You barely miss the wizard. The guardian serpent hits you. x2
The wizard hits you but does no damage. The guardian serpent hits you!
* * * LOW HITPOINT WARNING * * *
The wizard attacks as you move away! The wizard hits you but does no damage.
The guardian serpent attacks as you move away!
The guardian serpent hits you but does no damage.
You see here a tengu corpse.
The guardian serpent hits you but does no damage.
The wizard closely misses you.
The guardian serpent hits you but does no damage.
There is a stone staircase leading down, spattered with blood here.
The guardian serpent hits you.
* * * LOW HITPOINT WARNING * * *
The wizard hits you but does no damage.
You see here a tengu corpse.
You feel better. The guardian serpent hits you!
* * * LOW HITPOINT WARNING * * *
The wizard barely misses you. The guardian serpent hits you!
* * * LOW HITPOINT WARNING * * *
Casting: Stone Arrow (safe; 1% risk of failure)
Confirm with . or Enter, or press ? or * to list all spells.
You blink.
The wizard points at you and mumbles some strange words.
The fireball explodes!
The fireball engulfs you! You resist.
You die...

##### #...##### #...#...#
##########...#...########
#.......................#
#.......................#
#[.........)...@........#
#.........).............#
#...........(...........#
#..........)......S.>...#
#..................§p...#
#.........<............##
#.....................##
#.....................#
#.....................#


You could see a guardian serpent shaped shifter and a wizard.

Vanquished Creatures
  Gastronok (D:9)
  Azrael (D:12)
  Harold (D:9)
  A centaur warrior (D:13)
  4 two-headed ogres
  3 boulder beetles (D:11)
  2 tengu warriors (D:13)
  3 skeletal warriors (D:12)
  Pikel (D:5)
  An orc knight (Bailey)
  2 cyclopes
  A deep elf pyromancer (D:14)
  A manticore (D:10)
  An elephant (D:10)
  2 gargoyles
  2 tengu conjurers (D:13)
  6 trolls
  3 shadows
  2 fire elementals (D:12)
  14 yaks
  A wraith (D:12)
  2 vampires
  A wyvern (D:10)
  2 basilisks
  An acid dragon (D:11)
  2 hell hounds (D:12)
  Duvessa (D:5)
  13 orc warriors
  2 ice beasts
  A black bear (D:10)
  2 sky beasts (D:7)
  6 centaurs
  4 ogres
  3 lemures (D:5)
  2 kobold brigands
  2 bullfrogs (D:7)
  A necrophage (D:8)
  4 scorpions
  Dowan (D:5)
  2 howler monkeys (D:9)
  10 hounds
  2 jellies
  7 orc priests
  Jessica (D:3)
  A gnoll bouda (D:7)
  5 iguanas
  Ijyb (D:3)
  Natasha (thrice) (D:3)
  22 orc wizards
  7 mummies (Ossuary)
  11 gnolls
  8 adders
  A shadow imp (D:8)
  A worm (D:3)
  7 dart slugs
  46 orcs
  6 bats
  4 endoplasms
  A giant cockroach (D:1)
  2 gnoll zombies (Ossuary)
  11 goblins
  10 hobgoblins
  2 jackals (D:5)
  20 kobolds
  5 quokkas
  13 ball pythons
  4 frilled lizards
  A hobgoblin zombie (Ossuary)
  2 kobold zombies (Ossuary)
  3 orc zombies (Ossuary)
  6 rats
328 creatures vanquished.

Vanquished Creatures (collateral kills)
  A mummy (Ossuary)
1 creature vanquished.

Vanquished Creatures (others)
  A deep elf pyromancer (Bailey)
  5 plants (D:4)
6 creatures vanquished.

Grand Total: 335 creatures vanquished

Notes
Turn   | Place    | Note
-------+----------+-------------------------------------------
     0 | D:1      | pokeman the Deep Elf Hedge Wizard began the quest for the
                  | Orb.
     0 | D:1      | Reached XP level 1. HP: 10/10 MP: 7/7
   293 | D:1      | Reached XP level 2. HP: 16/16 MP: 5/9
   681 | D:1      | Reached skill level 5 in Spellcasting
   858 | D:1      | Reached XP level 3. HP: 20/20 MP: 8/11
   862 | D:1      | Learned a level 3 spell: Mephitic Cloud
   865 | D:1      | Learned a level 2 spell: Call Imp
   868 | D:1      | Learned a level 2 spell: Blink
  1375 | D:2      | Reached skill level 1 in Armour
  1472 | D:2      | Reached skill level 1 in Fighting
  1681 | D:2      | Found a faded altar of an unknown god.
  2255 | D:3      | Reached XP level 4. HP: 20/25 MP: 3/13
  2603 | D:3      | Noticed Natasha
  2612 | D:3      | Killed Natasha
  2614 | D:3      | Reached XP level 5. HP: 29/29 MP: 11/15
  2615 | D:3      | Noticed Natasha
  2626 | D:3      | Killed Natasha
  2627 | D:3      | Reached skill level 6 in Spellcasting
  2710 | D:3      | Found Qeqolekho's Magic Scroll Emporium.
  2711 | D:3      | Found a hide-covered altar of Uskayaw.
  2712 | D:3      | Noticed Jessica
  2715 | D:3      | Noticed Ijyb
  2720 | D:3      | Killed Jessica
  2726 | D:3      | Killed Ijyb
  2740 | D:3      | Bought a scroll of noise for 12 gold pieces
  2740 | D:3      | Bought a scroll of teleportation for 36 gold pieces
  2740 | D:3      | Bought a scroll of magic mapping for 90 gold pieces
  2751 | D:3      | Noticed Natasha
  2763 | D:3      | Killed Natasha
  2764 | D:3      | Reached skill level 1 in Air Magic
  2824 | D:3      | Reached XP level 6. HP: 32/34 MP: 14/17
  3313 | D:4      | Found a glowing silver altar of Zin.
  3330 | D:4      | Reached skill level 7 in Spellcasting
  3363 | D:4      | Reached skill level 1 in Poison Magic
  3363 | D:4      | Reached skill level 1 in Evocations
  3412 | D:4      | Reached XP level 7. HP: 39/39 MP: 8/20
  3687 | D:4      | Learned a level 3 spell: Stone Arrow
  3809 | D:4      | Reached skill level 8 in Spellcasting
  4139 | D:5      | Entered Level 5 of the Dungeon
  4139 | D:5      | Noticed Duvessa
  4139 | D:5      | Noticed Dowan
  4155 | D:5      | Killed Duvessa
  4156 | D:5      | Reached skill level 1 in Ice Magic
  4156 | D:5      | Reached skill level 1 in Earth Magic
  4158 | D:5      | Killed Dowan
  4304 | D:5      | Found a sand-covered staircase.
  4309 | Ossuary  | Entered an ossuary
  4986 | D:5      | Noticed Pikel
  5021 | D:5      | Killed Pikel
  5022 | D:5      | Reached skill level 9 in Spellcasting
  5022 | D:5      | Reached skill level 5 in Conjurations
  5022 | D:5      | Reached XP level 8. HP: 38/44 MP: 18/23
  5058 | D:5      | Reached skill level 10 in Spellcasting
  5758 | D:6      | Found a snail-covered altar of Cheibriados.
  5964 | D:6      | Found a staircase to the Ecumenical Temple.
  5973 | Temple   | Entered the Ecumenical Temple
  5992 | Temple   | Became a worshipper of Vehumet
  6209 | D:6      | Found a burning altar of Makhleb.
  6407 | D:6      | Reached XP level 9. HP: 41/48 MP: 19/25
  6614 | D:6      | Reached skill level 11 in Spellcasting
  6623 | D:6      | Identified the +3 war axe "Vohyrphuiwe" {venom, Int+2
                  | Stlth+}
  7329 | D:6      | Found a shimmering blue altar of Sif Muna.
  7388 | D:7      | Found a stormy altar of Qazlal.
  7390 | D:7      | Found a flagged portal.
  7404 | Bailey   | Entered a bailey
  7514 | Bailey   | Reached skill level 5 in Summonings
  7523 | Bailey   | Noticed an orc knight
  7530 | Bailey   | Killed an orc knight
  7531 | Bailey   | Reached skill level 12 in Spellcasting
  7706 | Bailey   | Found a large runed translucent door.
  7706 | Bailey   | Found a large runed translucent door.
  7707 | Bailey   | Noticed a deep elf pyromancer
  7837 | Bailey   | Killed a deep elf pyromancer
  8069 | D:7      | Reached XP level 10. HP: 56/56 MP: 24/28
  8135 | D:7      | Found an opulent altar of Gozag.
  8174 | D:7      | Reached * piety under Vehumet
  8174 | D:7      | Offered knowledge of Kiss of Death by Vehumet.
  8863 | D:8      | Found a shadowy altar of Dithmenos.
  8961 | D:8      | Noticed a two-headed ogre
  8978 | D:8      | Killed a two-headed ogre
  8979 | D:8      | Reached skill level 13 in Spellcasting
  9628 | D:8      | Found a blossoming altar of Fedhas.
  9841 | D:8      | Found a hazy altar of Hepliaklqana.
  9954 | D:9      | Noticed Harold
  9961 | D:9      | Killed Harold
 10230 | D:9      | Noticed Gastronok
 10333 | D:9      | Offered knowledge of Scorch by Vehumet.
 10334 | D:9      | Reached skill level 14 in Spellcasting
 10339 | D:9      | Reached ** piety under Vehumet
 10479 | D:9      | Killed Gastronok
 10480 | D:9      | Reached XP level 11. HP: 61/61 MP: 7/31
 10803 | D:10     | Entered Level 10 of the Dungeon
 10934 | D:10     | Found a staircase to the Orcish Mines.
 10989 | D:10     | Reached skill level 15 in Spellcasting
 10998 | D:10     | Offered knowledge of Searing Ray by Vehumet.
 11018 | D:10     | Found a staircase to the Lair.
 11027 | D:10     | Found an iron altar of Okawaru.
 11028 | D:10     | Found a glowing golden altar of the Shining One.
 11029 | D:10     | Found a basalt altar of Yredelemnul.
 11259 | D:10     | Reached skill level 5 in Armour
 11320 | D:10     | Found a sacrificial altar of Ru.
 11647 | D:11     | Reached *** piety under Vehumet
 11687 | D:11     | Noticed a two-headed ogre
 11704 | D:11     | Killed a two-headed ogre
 11892 | D:11     | Noticed a boulder beetle
 11907 | D:11     | Killed a boulder beetle
 12018 | D:11     | Noticed a boulder beetle
 12025 | D:11     | Killed a boulder beetle
 12026 | D:11     | Reached skill level 16 in Spellcasting
 12224 | D:11     | Identified the +12 halberd of Foolhardiness {vamp, rPois}
 12409 | D:11     | Identified the +5 long sword of the Threshing Gods {drain,
                  | Int+2}
 12548 | D:11     | Noticed a boulder beetle
 12561 | D:11     | Killed a boulder beetle
 12562 | D:11     | Reached skill level 5 in Fighting
 12744 | D:12     | Noticed a skeletal warrior
 12744 | D:12     | Noticed a skeletal warrior
 12749 | D:12     | Noticed a skeletal warrior
 12751 | D:12     | Noticed a deep elf pyromancer
 12868 | D:12     | Reached XP level 12. HP: 68/68 MP: 30/34
 13088 | D:12     | Noticed a two-headed ogre
 13095 | D:12     | Killed a two-headed ogre
 13099 | D:12     | Offered knowledge of Inner Flame by Vehumet.
 13257 | D:12     | Noticed Azrael
 13273 | D:12     | Reached skill level 10 in Conjurations
 13283 | D:12     | Killed Azrael
 13435 | D:12     | Reached skill level 17 in Spellcasting
 14101 | D:13     | Noticed a centaur warrior
 14108 | D:13     | Killed a centaur warrior
 14113 | D:13     | Reached **** piety under Vehumet
 14292 | D:13     | Noticed a two-headed ogre
 14297 | D:13     | Killed a two-headed ogre
 14444 | D:13     | Noticed a tengu warrior
 14448 | D:13     | Offered knowledge of Iskenderun's Mystic Blast by Vehumet.
 14453 | D:13     | Killed a tengu warrior
 14680 | D:14     | Noticed a tengu warrior
 14691 | D:13     | Reached skill level 18 in Spellcasting
 14813 | D:13     | Killed a tengu warrior
 14814 | D:13     | Reached skill level 10 in Summonings
 14873 | D:13     | HP: 2/70 [guardian serpent (shapeshifter) (7)]
 14874 | D:13     | Killed from afar by a wizard

Illustrated notes

Levels and vault maps discovered:
D:1:      spicycebolla_green_bress_n_ham, layout_loops_ring
D:2:      layout_loops_ring, hellmonk_ecumenical_altar_heavens_door
D:3:      layout_basic, mainiacjoe_overflow_brackets, serial_shops, shop,
          minmay_misc_feat_enclosed, minivault_19, minmay_snake_closets,
          uniq_jessica, uniq_ijyb, uniq_natasha
D:4:      cheibrodos_old_hovel, layout_cave_pools, zin_academy
D:5:      layout_rooms, enter_ossuary_5, serial_co_window_serial,
          co_window_paths_b, co_window_paths_a, co_window_paths_a,
          co_window_paths_a, co_window_corner_a, co_window_corner_a,
          co_window_unsneaky_path_c, co_window_2corner, co_window_broadway_b,
          glass_columns_b, glass_columns_a, glass_columns_a, glass_columns_c,
          glass_columns_a, uniq_pikel, uniq_duvessa
D:6:      layout_layer_cave, mainiacjoe_overflow_surrounded_room,
          kennysheep_orc_sif_temple, amcnicky_altar_gilded,
          minmay_temple_entry_gardened_gates, minmay_misc_feat_diagonals
D:7:      layout_gridville, mainiacjoe_overflow_small_starburst,
          grunt_qazlal_sundering, enter_bailey_3
D:8:      layout_cave_pods, kennysheep_mini, grunt_dithmenos_smoke_and_mirrors,
          mainiacjoe_overflow_alcove_2
D:9:      layout_basic, uniq_gastronok, uniq_harold
D:10:     layout_roguey, chequers_temple_overflow_statue_of_worship,
          general_overflow_altar, david_lair_generic, david_orc_4,
          minmay_misc_feat_nine_boxes, kennysheep_generic_room_10
D:11:     layout_gridville, serial_glass, glass_columns_a, glass_columns_b
D:12:     layout_long_grid, dreamdust_princess_bridge, uniq_azrael
D:13:     lemuel_ogre_cave, layout_cross, chequers_serial_rivers_room_b
D:14:     layout_long_grid, lightli_vaults_fourway_checkpoint
Temple:   hellmonk_temple_forest_ring

Skill      XL: |  1  2  3  4  5  6  7  8  9 10 11 12 |
---------------+-------------------------------------+-----
Spellcasting   | 5 6 7 9 10 12 14 16 18 | 18.1
Armour         | 1 2 3 4 5 |  5.0
Fighting       | 1 2 3 4 5 6 |  6.2
Conjurations   | 2 3 5 7 8 9 10 | 10.8
Dodging        | 3 |  3.0
Stealth        | 3 |  3.0
Air Magic      | 1 |  1.0
Poison Magic   | 1 |  1.3
Evocations     | 1 |  1.3
Ice Magic      | 1 |  1.1
Earth Magic    | 1 |  1.2
Summonings     | 3 5 7 8 10 | 10.0
Translocations | |  1.1

Action                   |  1- 3 |  4- 6 |  7- 9 | 10-12 || total
-------------------------+-------+-------+-------+-------++-------
Melee: Spear             |       |    71 |   130 |       ||   201
       Punch             |       |     2 |       |     1 ||     3
       War axe           |       |       |    23 |   166 ||   189
 Cast: Magic Dart        |   129 |    53 |   207 |    66 ||   455
       Mephitic Cloud    |       |     9 |    28 |    45 ||    82
       Stone Arrow       |       |       |     5 |   181 ||   186
       Call Imp          |       |       |     3 |     4 ||     7
       Blink             |       |       |     1 |     7 ||     8
  Use: Potion            |       |       |       |     1 ||     1
 Stab: Confused          |       |    14 |    15 |    16 ||    45
       Sleeping          |       |     2 |     2 |       ||     4
Armor: Robe              |     4 |     7 |    45 |    68 ||   124
       Fire dragon scale |       |       |       |    14 ||    14
Dodge: Dodged            |    19 |    15 |    63 |   206 ||   303

Table legend: (Time is in decaauts)
 A = Elapsed time spent in this place.
 B = Non-inter-level travel time spent in this place.
 C = Inter-level travel time spent in this place.
 D = Time resting spent in this place.
 E = Time spent auto-exploring this place.
 F = Levels seen in this place.
 G = Mean time per level.
                   A        B        C        D        E       F      G
               +--------+--------+--------+--------+--------+-----+--------+
         Total |  14991 |  14492 |    499 |    507 |  11331 |  17 |  881.8 |
       Dungeon |  13813 |  13326 |    487 |    402 |  10631 |  14 |  986.6 |
        Temple |     28 |     16 |     12 |      0 |     11 |   1 |   28.0 |
       Ossuary |    576 |    576 |      0 |     74 |    382 |   1 |  576.0 |
        Bailey |    573 |    573 |      0 |     31 |    307 |   1 |  573.0 |
               +--------+--------+--------+--------+--------+-----+--------+

Top non-repeatable levels by time:
     D:6: 1756 daAuts
    D:12: 1411 daAuts
     D:1: 1345 daAuts
    D:11: 1248 daAuts
     D:3: 1092 daAuts
     D:8: 1088 daAuts
     D:7: 919 daAuts
     D:5: 901 daAuts
     D:9: 870 daAuts
     D:2: 868 daAuts
     D:4: 838 daAuts
    D:10: 817 daAuts
    D:13: 631 daAuts
 Ossuary: 576 daAuts
  Bailey: 573 daAuts
